 Dungeon Crawl Stone Soup version 0.22-a0-402-ga933591 (webtiles) character file.

15 4thArraOfDagon the Firebug (level 2, 0/20 HPs)
             Began as a Draconian Fire Elementalist on May 7, 2018.
             Slain by a centaur (4 damage)
             ... on level 7 of the Dungeon.
             The game lasted 00:02:08 (377 turns).

4thArraOfDagon the Firebug (DrFE)                    Turns: 377, Time: 00:02:08

Health: 0/20       AC:  4    Str: 10    XL:     2   Next: 34%
Magic:  3/5        EV: 12    Int: 15    God:
Gold:   51         SH:  0    Dex: 11    Spells: 4/5 levels left

rFire    . . .     SeeInvis .   d - +1 short sword (venom)
rCold    . . .     Gourm    .   (no shield)
rNeg     . . .     Faith    .   (armour unavailable)
rPois    .         Spirit   .   (helmet restricted)
rElec    .         Reflect  .   (no cloak)
rCorr    .         Harm     .   (no gloves)
MR       .....                  (no boots)
Stlth    ++........             (no amulet)
HPRegen  0.06/turn              (no ring)
MPRegen  0.09/turn              (no ring)

@: hasted, very quick
A: unfitting armour, cold-blooded, AC +4
a: no special abilities


You were on level 7 of the Dungeon.
You were not hungry.

You visited 1 branch of the dungeon, and saw 5 of its levels.

You collected 51 gold pieces.

Inventory:

Hand Weapons
 d - a +1 short sword of venom (weapon)
Scrolls
 a - a scroll of amnesia
 c - a scroll of magic mapping
 e - a scroll of teleportation {unknown}
 f - a scroll of random uselessness {unknown}
Comestibles
 b - 2 rations


   Skills:
 - Level 1.7 Dodging
 - Level 1.7 Stealth
 + Level 2.1 Spellcasting
 * Level 1.6 Conjurations
 * Level 3.3 Fire Magic


You had 4 spell levels left.
You knew the following spells:

 Your Spells              Type           Power        Failure   Level  Hunger
a - Flame Tongue          Conj/Fire      #....        8%          1    #......


Dungeon Overview and Level Annotations

Branches:
Dungeon (4/15)
 Temple: D:4-7

Altars:


Innate Abilities, Weirdness & Mutations

Your plain brown scales are hard. (AC +4)
You cannot fit into any form of body armour.
You are cold-blooded and may be slowed by cold attacks.


Message History

You barely miss the centaur.
The centaur is lightly wounded.
The centaur barely misses you. The centaur hits you.
* * * LOW HITPOINT WARNING * * *
Unknown command.
You aren't carrying any potions.
Okay, then.
You barely miss the centaur.
The centaur is lightly wounded.
The centaur completely misses you.
Unknown command.
Casting: Flame Tongue (safe; 8% risk of failure)
Confirm with . or Enter, or press ? or * to list all spells.
Aiming: Flame Tongue (safe; 8% risk of failure)
Press: ? - help, Shift-Dir - straight line, f/p - centaur
Aim: a centaur (lightly wounded)
The flame tongue hits the centaur.
The centaur is moderately wounded.
The centaur hits you.
You die...

..## ...# #..#
#..#
#######..#### #
............##.#
#...........#
#......?.#
#.....@..#
#......c.#
#........#
#........#
............
########...###
#...# #...#


You could see a centaur.

Vanquished Creatures
  A leopard gecko (D:3)
  3 bats
  A hobgoblin (D:1)
  3 kobolds
  A frilled lizard (D:2)
  A goblin (D:3)
  5 rats
15 creatures vanquished.

Notes
Turn   | Place    | Note
-------+----------+-------------------------------------------
     0 | D:1      | 4thArraOfDagon the Draconian Fire Elementalist began the quest for the Orb.
     0 | D:1      | Reached XP level 1. HP: 14/14 MP: 3/3
   199 | D:2      | Reached XP level 2. HP: 20/20 MP: 5/5
   332 | D:4      | Noticed a yak
   332 | D:4      | Noticed a yak
   332 | D:4      | Noticed a yak
   332 | D:4      | Noticed a yak
   333 | D:4      | :O
   368 | D:4      | You fall through a shaft for 3 floors!
   368 | D:7      | Noticed a centaur
   377 | D:7      | Slain by a centaur

Vault maps used:
D:1:      dpeg_arrival_simpleton_a, grunt_decor_clamped, grunt_decor_one_mirror,
          minmay_misc_feat_nine_boxes, corner_web_ring
D:2:      serial_bayou_lake_a
D:4:      kennysheep_the_goblin_king, makhleb_heckhound_becter,
          temple_fountains, first_ration, uniq_blork_the_orc,
          uniq_crazy_yiuf_cottage, uniq_sigmund, uniq_ijyb
D:7:      corexii_item_surrounded_by_moat, uniq_duvessa

Action                   || total
-------------------------++-------
Melee: Short sword       ||    29
       Whip              ||     4
       Tailslap          ||     1
 Cast: Flame Tongue      ||    10
  Use: Scroll            ||     2
       Potion            ||     2
Armor: Skin              ||    17
Dodge: Dodged            ||    34

Table legend:
 A = Spawn XP
 B = Non-spawn XP
 C = Spawn XP percentage of total XP
 D = Spawn monster count
 E = Non-spawn monster count
 F = Spawn count percentage of total count
 G = Total turns spent on level
                    A         B        C        D         E        F      G
               +---------+---------+-------+---------+---------+-------+---------
         Total |       0 |      22 |   0.0 |       0 |      15 |   0.0 |   377
               +---------+---------+-------+---------+---------+-------+---------
           D:1 |       0 |       9 |   0.0 |       0 |       5 |   0.0 |   151
           D:2 |       0 |       4 |   0.0 |       0 |       4 |   0.0 |    94
           D:3 |       0 |       9 |   0.0 |       0 |       6 |   0.0 |    87
               +---------+---------+-------+---------+---------+-------+---------
